 Dungeon Crawl Stone Soup version 0.23.2-1-ga50397a6bc (webtiles) character file.

Game seed: 694153492884040045

980 Ethylacetat the Insei (level 8, -3/72 HPs)
             Began as a Naga Transmuter on Apr 23, 2019.
             Was a Follower of Cheibriados.
             Slain by a gnoll
             ... wielding a +0 halberd
              (14 damage)
             ... on level 5 of the Dungeon.
             The game lasted 00:16:20 (4413 turns).

Ethylacetat the Insei (Naga Transmuter)             Turns: 4413, Time: 00:16:20

Health: -3/72      AC:  2    Str: 16    XL:     8   Next: 17%
Magic:  8/14       EV: 19    Int: 17    God:    Cheibriados [*.....]
Gold:   147        SH:  0    Dex: 21    Spells: 11/15 levels left

rFire    . . .     SeeInvis +     - Unarmed
rCold    . . .     Gourm    .   (shield currently unavailable)
rNeg     . . .     Faith    .   (armour currently unavailable)
rPois    x         Spirit   .   (helmet currently unavailable)
rElec    .         Reflect  .   (cloak currently unavailable)
rCorr    .         Harm     .   (gloves currently unavailable)
MR       +....                  (no barding)
Stlth    ++........             (no amulet)
HPRegen  0.22/turn              (no ring)
MPRegen  0.14/turn              (no ring)

@: spider-form (expiring), very slightly contaminated, very slow
A: tiny, see invisible, slow metabolism 1, spit poison 1, AC +2
a: Spit Poison, End Transformation, Bend Time, Renounce Religion


You were on level 5 of the Dungeon.
You worshipped Cheibriados.
Cheibriados was aware of your devotion.
You were hungry.
You were a venomous arachnid creature.
You visited 1 branch of the dungeon, and saw 5 of its levels.

You collected 147 gold pieces.

Inventory:

Hand Weapons
 p - the +6 long sword of Honour (melded) {pain, Str+5}
   (You found it on level 4 of the Dungeon)

   In the hands of one skilled in necromantic magic, it inflicts extra damage on
   living creatures.
   It affects your strength (+5).
Missiles
 a - 76 arrows
 s - a throwing net (quivered)
Armour
 b - a +0 robe (melded)
Jewellery
 j - an uncursed ring of poison resistance {unknown}
Wands
 k - a wand of iceblast (2)
Scrolls
 c - 4 scrolls of enchant armour {unknown}
 e - 3 scrolls of enchant weapon {unknown}
 f - 6 scrolls of identify {unknown}
 g - 2 scrolls of immolation {unknown}
 h - 7 scrolls of teleportation {unknown}
 i - 7 scrolls of remove curse {unknown}
 r - 2 scrolls of amnesia {unknown}
Potions
 l - 2 potions of curing {unknown}
 m - a potion of cancellation {unknown}
 n - a potion of heal wounds
 o - a potion of resistance {unknown}
 q - a potion of brilliance {unknown}
 u - a potion of degeneration {unknown}
Comestibles
 d - 7 rations
 v - 8 chunks of flesh


   Skills:
 + Level 4.1 Fighting
 - Level 1.5 Dodging
 + Level 5.1 Unarmed Combat
 + Level 4.2 Spellcasting
 + Level 4.5 Transmutations
 + Level 4.5 Poison Magic


You had 11 spell levels left.
You knew the following spells:

 Your Spells              Type           Power        Failure   Level  Hunger
a - Beastly Appendage     Tmut           ###...       9%          1    None
b - Spider Form           Tmut/Pois      ###.......   19%         3    ###....

Your spell library contained the following spells:

 Spells                   Type           Power        Failure   Level  Hunger
 Sticks to Snakes         Tmut           ###.....     12%         2    ##.....
 Ice Form                 Ice/Tmut       ##......     73%         4    ####...
 Blade Hands              Tmut           ###.......   75%         5    ######.


Dungeon Overview and Level Annotations

Branches:
Dungeon (5/15)
 Temple: D:4-7

Altars:
Ashenzari
Cheibriados
Ru
Xom
The Shining One


Innate Abilities, Weirdness & Mutations

You cannot wear boots.
((Your serpentine skin is tough. (AC +2)))
You have supernaturally acute eyesight. (SInv)
((Armour fits poorly on your strangely shaped body.))
((Your system is resistant to poisons. (rPois)))
((You cover ground very slowly.))
You have a slow metabolism.
You can spit poison.


Message History

The gnoll completely misses you.
The gnoll hits you from afar with a +0 halberd.
* * * LOW HITPOINT WARNING * * *
The gnoll misses you. The gnoll hits you.
* * * LOW HITPOINT WARNING * * *
You hit the gnoll.
The gnoll is poisoned.
The gnoll is moderately wounded.
The gnoll misses you. The gnoll barely misses you. The gnoll misses you.
You hit the gnoll.
The gnoll looks as sick as possible!
The gnoll is severely wounded.
The gnoll hits you.
* * * LOW HITPOINT WARNING * * *
Your transformation is almost over.
You kill the gnoll!
Cheibriados thoroughly appreciates the change of pace.
The gnoll barely misses you.
You barely miss the gnoll. The gnoll misses you. x2
You closely miss the gnoll. The gnoll completely misses you.
The gnoll hits you with a +0 halberd!
You die...

........### #.##.#.#......##...#
###.....# #.##.#.#.##........#
........#####.##.......#..###..#
####.........>.................#.
..#........................).....
#.#............##.....##...#.....
#..........).....................
#.#....................)รทรท.......
#.#.#####......gsg.......)......# #
#. ##.....g##.##............ ###.#
###.......##.)##.....#.# ....#
#....).....)...[.....# #####
#...####.#..##.......#
.......)....<..........#
####.####........#...#.# ..
#..#.....#...#.# ###
#.................


You could see 3 gnolls.

Vanquished Creatures
  An orc warrior (D:3)
  2 centaurs
  3 scorpions
  A howler monkey (D:4)
  3 crimson imps
  3 orc priests (D:4)
  Jessica (D:2)
  2 worker ants (D:4)
  5 gnolls (D:5)
  7 adders
  2 shadow imps (D:5)
  An ooze (D:1)
  5 worms
  4 leopard geckos
  19 orcs
  4 ball pythons
  6 bats
  7 giant cockroaches
  12 goblins
  11 hobgoblins
  4 jackals (D:4)
  7 kobolds
  2 quokkas (D:4)
  7 frilled lizards
  2 jackal skeletons (D:5)
  A quokka skeleton (D:5)
  6 rats
128 creatures vanquished.

Notes
Turn   | Place    | Note
-------+----------+-------------------------------------------
     0 | D:1      | Ethylacetat the Naga Transmuter began the quest for the
                  | Orb.
     0 | D:1      | Reached XP level 1. HP: 18/18 MP: 3/3
    16 | D:1      | Reached XP level 2. HP: 19/25 MP: 5/5
   381 | D:1      | Reached XP level 3. HP: 24/31 MP: 6/6
   425 | D:1      | Learned a level 3 spell: Spider Form
   803 | D:2      | Reached XP level 4. HP: 19/39 MP: 7/7
  1532 | D:2      | Noticed Jessica
  1536 | D:2      | Killed Jessica
  1536 | D:2      | Reached skill level 1 in Poison Magic
  1780 | D:3      | Reached XP level 5. HP: 44/46 MP: 9/9
  2430 | D:4      | Reached skill level 4 in Unarmed Combat
  2430 | D:4      | Reached XP level 6. HP: 55/55 MP: 6/10
  2464 | D:4      | Found a sacrificial altar of Ru.
  2464 | D:4      | Found a shimmering altar of Xom.
  2464 | D:4      | Found a shattered altar of Ashenzari.
  2469 | D:4      | Noticed an orc warrior
  2527 | D:3      | HP: 2/56 [orc warrior/+0 flail (16)]
  2548 | D:3      | HP: 1/56 [orc warrior/+0 flail (5)]
  2556 | D:3      | Killed an orc warrior
  2762 | D:4      | Reached XP level 7. HP: 25/62 MP: 8/12
  3024 | D:4      | Found a snail-covered altar of Cheibriados.
  3032 | D:4      | Became a worshipper of Cheibriados the Contemplative
  3111 | D:4      | Got a faintly glowing long sword
  3131 | D:4      | Identified the +6 long sword of Honour {pain, Str+5} (You
                  | found it on level 4 of the Dungeon)
  3926 | D:5      | Entered Level 5 of the Dungeon
  3939 | D:5      | Reached * piety under Cheibriados
  3986 | D:5      | Reached skill level 5 in Unarmed Combat
  3986 | D:5      | Reached XP level 8. HP: 18/72 MP: 11/14
  4357 | D:5      | Found a glowing golden altar of the Shining One.
  4413 | D:5      | Slain by a gnoll

Skill      XL: |  1  2  3  4  5  6  7 |
---------------+----------------------+-----
Fighting       | 2 3 4 |  4.1
Poison Magic   | 1 2 3 4 |  4.5
Transmutations | 3 4 |  4.5
Spellcasting   | 3 4 |  4.2
Unarmed Combat | 4 5 |  5.1
Dodging        | |  1.5

Action                   |  1- 3 |  4- 6 |  7- 9 || total
-------------------------+-------+-------+-------++-------
Melee: Unarmed           |    82 |   140 |    87 ||   309
       Punch             |       |     1 |     1 ||     2
       Long sword        |       |       |    31 ||    31
 Cast: Spider Form       |       |     7 |    10 ||    17
 Abil: Spit Poison       |    15 |    29 |     6 ||    50
Evoke: Wand              |       |       |     1 ||     1
  Use: Potion            |       |     2 |       ||     2
  Eat: Chunk             |       |     8 |     5 ||    13
Armor: Robe              |    15 |    15 |    12 ||    42
       Skin              |       |       |     1 ||     1
Dodge: Dodged            |    35 |    98 |    94 ||   227
       Rpst.: Long sword |       |       |     5 ||     5
